 Dungeon Crawl Stone Soup version 0.32-a0-422-g28b100f618 (webtiles) character file.

Game seed: 16310307191887736589

304 DocEon the Chopper (level 6, 0/44 HPs)
             Began as a Coglin Gladiator on Feb 22, 2024.
             Incinerated by a bombardier beetle (6 damage)
             ... with a burning spray
             ... on level 3 of the Dungeon.
             The game lasted 00:02:06 (2298 turns).

DocEon the Chopper (Coglin Gladiator)               Turns: 2298, Time: 00:02:06

Health: 0/44       AC: 11    Str: 16    XL:     6   Next: 38%
Magic:  6/6        EV:  8    Int:  8    God:
Gold:   120        SH:  0    Dex: 15    Spells: 5/5 levels left

rFire   . . .        a - +0 war axe {Mizue}
rCold   . . .        o - +1 hand axe (freeze) {Ahumratum}
rNeg    . . .        p - +0 chain mail
rPois   .            c - +0 helmet
rElec   .            (no cloak)
rCorr   .            l - +0 pair of gloves
SInv    .            n - +0 pair of boots
Will    .....        (no amulet) Stlth
                     (no ring)
HPRegen 0.27/turn    (no ring)
MPRegen 0.10/turn

%: no passive effects
@: on fire, glowing, revving
A: off-hand wielding, slow wielding, warmup strikes, legs shutdown
a: no special abilities


You were on level 3 of the Dungeon.
You visited 1 branch of the dungeon, and saw 3 of its levels.

You collected 120 gold pieces.

Inventory:

Hand Weapons
 a - a +0 war axe (weapon) {Mizue}
 o - a +1 hand axe of freezing (offhand) {Ahumratum}
Missiles
 d - 3 throwing nets (quivered)
 e - a javelin
Armour
 c - a +0 helmet (worn)
 l - a +0 pair of gloves (worn)
 n - a +0 pair of boots (worn)
 p - a +0 chain mail (worn)
Wands
 v - a wand of roots (10)
Scrolls
 g - a scroll of enchant weapon {unknown}
 h - a scroll of revelation {unknown}
 j - a scroll of vulnerability {unknown}
 k - 2 scrolls of immolation {unknown}
 q - a scroll of fog {unknown}
 r - 2 scrolls of summoning {unknown}
 s - 2 scrolls of teleportation {unknown}
Potions
 f - a potion of attraction {unknown}
 i - a potion of might {unknown}
 m - 2 potions of curing {unknown}
 t - a potion of haste {unknown}
 u - a potion of resistance {unknown}
 w - a potion of enlightenment {unknown}


   Skills:
 - Level 2.0 Fighting
 * Level 7.0 Axes
 - Level 1.7 Throwing
 - Level 2.6 Dodging


You had 5 spell levels left.
You didn't know any spells.
Your spell library was empty.

Dungeon Overview and Level Annotations

Branches:
Dungeon (3/15)

Altars:
Makhleb


Innate Abilities, Weirdness & Mutations

You can wield a second weapon in your off-hand.
It takes a long time for you to wield or remove held weapons.
Your first few attacks do less damage.
Attacking and casting redirects power from your legs.


Message History

You kill the adder!
The liquid fire burns you!
Your Axes skill increases to level 7!
You hit the frilled lizard with your +1 hand axe of freezing.
You freeze the frilled lizard.
You kill the frilled lizard!
The liquid fire burns you!
No target in view!
You are on fire!
You are on fire!
No target in view!
You are on fire!
No target in view!
You are on fire!
No target in view!
You are on fire!
You are on fire!
You are on fire!
You are on fire!
You are on fire!
No target in view!
You are on fire!
No target in view!
You are on fire!
You are on fire!
You are on fire!
You are on fire!
The liquid fire burns you!
You are no longer unable to travel.
The liquid fire burns you! The liquid fire burns you!
You are on fire!
You are on fire!
The liquid fire burns you! The liquid fire burns you!
* * * LOW HITPOINT WARNING * * *
The liquid fire burns you!
* * * LOW HITPOINT WARNING * * *
The liquid fire burns you!
You die...

....#...###...
#..#.#### #....
... #(.#.# #....
.... ..)#.#
..#.# .....
#.##.# ##
.#.##.#..#
#.##.# #.
#........#
#.#..# #.
#.........
..#.## #.##
##........# ###.
#.###)?@†.....#
#.†.†##†##.####
#.######.#####.#
#......#.# #.#
######.>.# #.#
######..#####...
#...............
#.####..#.###...
###.# #..#.#


There were no monsters in sight!

Vanquished Creatures
  A bombardier beetle (D:3)
  Ijyb (D:3)
  Natasha (twice) (D:3)
  Terence (D:2)
  3 adders
  4 gnolls
  3 endoplasms (D:1)
  A giant cockroach (D:1)
  9 goblins
  3 hobgoblins (D:1)
  7 jackals
  10 kobolds
  2 quokkas (D:1)
  5 ball pythons
  5 bats
  5 frilled lizards
  4 rats
66 creatures vanquished.

Notes
Turn   | Place    | Note
-------+----------+-------------------------------------------
     0 | D:1      | DocEon the Coglin Gladiator began the quest for the Orb.
     0 | D:1      | Reached XP level 1. HP: 16/16 MP: 1/1
    93 | D:1      | Reached XP level 2. HP: 20/22 MP: 2/2
   255 | D:1      | Found a faded altar of an unknown god.
   389 | D:1      | Reached skill level 4 in Axes
   417 | D:1      | Reached XP level 3. HP: 27/27 MP: 3/3
   695 | D:1      | Reached XP level 4. HP: 33/33 MP: 4/4
   860 | D:1      | You fall into a shaft and drop 1 floor!
   930 | D:2      | Reached skill level 5 in Axes
  1404 | D:2      | Noticed Terence
  1409 | D:2      | Killed Terence
  1506 | D:2      | Reached XP level 5. HP: 38/38 MP: 5/5
  1755 | D:2      | Reached skill level 6 in Axes
  1985 | D:3      | Noticed Natasha
  1989 | D:3      | Killed Natasha
  2010 | D:3      | Noticed Natasha
  2018 | D:3      | Killed Natasha
  2019 | D:3      | Reached XP level 6. HP: 44/44 MP: 6/6
  2034 | D:3      | Noticed Ijyb
  2043 | D:3      | Killed Ijyb
  2139 | D:3      | Found a burning altar of Makhleb.
  2291 | D:3      | Reached skill level 7 in Axes
  2298 | D:3      | Incinerated by a bombardier beetle

Illustrated notes

Levels and vault maps discovered:
D:1:      roderic_crop_circles_arrival_small, layout_basic,
          nicolae_ecumenical_lake_church
D:2:      layout_rooms, uniq_terence
D:3:      layout_loops_ring, general_overflow_altar, uniq_ijyb, uniq_natasha

Skill      XL: |  1  2  3  4  5  6 |
---------------+-------------------+-----
Axes           | 4 5 6 7 |  7.0
Fighting       | |  2.0
Throwing       | |  1.7
Dodging        | |  2.6

Action                     |  1- 3 |  4- 6 || total
---------------------------+-------+-------++-------
  Melee: War axe           |    68 |    64 ||   132
         Hand axe          |       |    43 ||    43
 Armour: Leather armour    |    55 |    21 ||    76
         Chain mail        |       |    35 ||    35
  Dodge: Dodged            |    50 |    37 ||    87

Table legend: (Time is in decaauts)
 A = Elapsed time spent in this place.
 B = Non-inter-level travel time spent in this place.
 C = Inter-level travel time spent in this place.
 D = Time resting spent in this place.
 E = Time spent auto-exploring this place.
 F = Levels seen in this place.
 G = Mean time per level.
                   A        B        C        D        E       F      G
               +--------+--------+--------+--------+--------+-----+--------+
         Total |   2329 |   2220 |    109 |    190 |   1613 |   3 |  776.3 |
       Dungeon |   2329 |   2220 |    109 |    190 |   1613 |   3 |  776.3 |
               +--------+--------+--------+--------+--------+-----+--------+

Top non-repeatable levels by time:
     D:1: 1279 daAuts
     D:2: 612 daAuts
     D:3: 437 daAuts
